Map: Catalyst LE

Players

noFreeWill - Winner!

  • Race: Zerg Zerg
  • League: Diamond
  • Spawn Location: 5:00

Kanciak

  • Race: Protoss Protoss
  • League: Diamond
  • Spawn Location: 11:00

VOD

Have the link to the VOD?

Description

Time

  • Played on: Nov. 25, 2017, 7:06 a.m.
  • Length: 15:07
Show
View Real Time Build Order
Export as new Build Order

noFreeWill Zerg - Winner!

Build Orders: Hatch First, Lurkers, Swarm Host 

Get SALT Encoding   

  12  0:01  Drone  
  13  0:13  Overlord  
  13  0:17  Drone  
  14  0:31  Drone x2  
  16  0:35  Drone  
  17  0:54  Hatchery  
  16  0:58  Drone  
  16  1:01  Drone  
  18  1:04  Extractor  
  17  1:17  Spawning Pool  
  16  1:20  Drone  
  16  1:24  Drone  
  18  1:36  Drone  
  19  1:42  Overlord  
  19  1:54  Drone  
  20  2:04  Metabolic Boost, Queen  
  20  2:06  Queen  
  24  2:10  Zergling x2  
  24  2:13  Zergling x2  
  26  2:23  Drone  
  26  2:24  Drone  
  28  2:46  Queen  
  28  2:50  Hatchery  
  29  2:55  Drone x2  
  29  2:56  Overlord  
  31  3:11  Drone x5  
  36  3:17  Drone x2  
  38  3:24  Pneumatized Carapace  
  38  3:28  Queen  
  40  3:34  Overlord  
  40  3:41  Drone  
  40  3:42  Drone x2  
  40  3:43  Drone  
  44  3:53  Drone  
  44  3:54  Drone x4  
  44  3:55  Overlord  
  49  4:06  Evolution Chamber  
  48  4:18  Queen  
  48  4:22  Queen  
  52  4:24  Queen  
  52  4:27  Drone  
  52  4:28  Drone x3  
  52  4:29  Overlord, Drone x2  
  60  4:43  Zerg Melee Weapons Level 1  
  60  4:58  Drone x5  
  60  4:59  Drone x5  
  71  5:00  Overlord, Drone  
  71  5:15  Hatchery  
  71  5:16  Overlord x3  
  71  5:17  Overlord  
  70  5:23  Drone  
  71  5:30  Lair  
  71  5:32  Hatchery  
  71  5:34  Baneling Nest  
  69  5:37  Extractor  
  69  5:38  Extractor x2  
  69  5:40  Evolution Chamber, Extractor  
  69  5:41  Extractor  
  63  5:46  Drone  
  63  5:47  Drone x3  
  63  5:48  Drone x2  
  63  5:49  Drone x2  
  72  5:50  Drone  
  72  5:55  Drone x3  
  75  5:58  Drone  
  75  5:59  Overlord x2  
  76  6:11  Queen  
  77  6:32  Centrifical Hooks, Hydralisk Den  
  76  6:35  Zerg Missile Weapons Level 1  
  76  6:36  Zerg Melee Weapons Level 2  
  76  6:40  Drone  
  76  6:41  Drone x4  
  76  6:42  Queen  
  76  6:43  Drone x2  
  76  6:44  Drone x5  
  76  6:45  Overlord x2, Drone x2  
  92  6:56  Zergling x2  
  92  6:57  Zergling x12  
  94  7:09  Hydralisk  
  94  7:10  Hydralisk x8  
  104  7:24  Baneling x4  
  104  7:28  Baneling x7  
  104  7:29  Hydralisk  
  102  7:30  Hydralisk, Drone  
  102  7:31  Hydralisk  
  94  7:56  Muscular Augments  
  94  7:57  Hatchery  
  87  8:02  Lurker Den  
  87  8:04  Extractor  
  85  8:06  Extractor  
  85  8:09  Spine Crawler  
  85  8:10  Spore Crawler, Hydralisk  
  85  8:11  Hydralisk, Zergling x2  
  85  8:12  Zergling x28  
  101  8:25  Infestation Pit  
  100  8:29  Zergling x16  
  108  8:45  Hydralisk  
  108  8:46  Hydralisk x4, Zergling x2  
  108  8:47  Zergling x14  
  125  8:56  Spine Crawler  
  124  9:07  Hydralisk  
  124  9:08  Hydralisk x4  
  124  9:09  Zergling x10  
  115  9:25  Baneling x9  
  115  9:27  Hydralisk  
  115  9:28  Zergling x10  
  115  9:29  Zergling x24  
  134  9:32  Overlord  
  134  9:33  Overlord  
  134  9:36  Overlord  
  134  9:45  Overlord x2  
  134  9:50  Drone  
  134  9:51  Drone x5  
  140  9:57  Zerg Missile Weapons Level 2  
  140  9:59  Queen  
  142  10:00  Drone x2  
  144  10:15  Swarm Host x3  
  144  10:16  Swarm Host  
  156  10:27  Baneling x4  
  156  10:28  Baneling x2  
  152  10:45  Hydralisk  
  152  10:46  Hydralisk x10  
  152  10:48  Overlord  
  152  10:49  Overlord x4  
  171  11:10  Zergling x2  
  171  11:11  Zergling x26  
  185  11:15  Lurker x4  
  189  11:19  Lurker  
  189  11:20  Drone x9  
  199  11:38  Baneling x7  
  199  12:06  Spire  
  199  12:07  Hive  
  192  12:49  Hydralisk x3  
  192  12:50  Zergling x2  
  195  12:59  Baneling x4  
  195  13:00  Baneling x10  
  195  13:02  Lurker x5  
  182  14:12  Hydralisk x2  
  182  14:13  Zergling x24  
  182  14:14  Zergling x4  
  187  14:39  Hydralisk  
  187  14:40  Hydralisk x6, Zergling x2  
  187  14:41  Zergling x20  
Show
View Real Time Build Order
Export as new Build Order

Kanciak Protoss 

Build Orders: 1 Gate Expand 

Get SALT Encoding   

  12  0:02  Probe  
  14  0:14  Probe  
  14  0:18  Pylon  
  14  0:26  Probe  
  15  0:38  Probe (Chrono Boost)  
  15  0:39  Gateway  
  16  0:45  Assimilator  
  17  0:50  Probe (Chrono Boost)  
  18  0:58  Probe (Chrono Boost)  
  18  1:04  Probe  
  19  1:16  Probe  
  20  1:23  Assimilator  
  20  1:28  Probe  
  21  1:37  Nexus  
  21  1:43  Probe  
  22  1:49  Pylon  
  22  2:02  Cybernetics Core  
  22  2:05  Probe  
  23  2:17  Probe  
  24  2:27  Gateway  
  24  2:29  Probe  
  24  2:40  Stalker (Chrono Boost)  
  24  2:41  Warp Gate, Probe  
  27  2:54  Robotics Facility  
  27  3:05  Twilight Council  
  27  3:08  Probe  
  27  3:11  Probe  
  29  3:15  Sentry  
  31  3:21  Stalker  
  31  3:25  Probe  
  34  3:34  Forge  
  34  3:37  Probe  
  34  3:38  Probe  
  36  3:42  Observer (Chrono Boost)  
  36  3:47  Charge (Chrono Boost)  
  37  3:57  Gateway  
  37  3:59  Pylon  
  37  4:00  Probe  
  38  4:07  Protoss Ground Weapons Level 1 (Chrono Boost)  
  38  4:10  Probe  
  38  4:13  Probe  
  40  4:19  Observer  
  40  4:22  Probe  
  42  4:25  Probe  
  42  4:29  Gateway  
  43  4:33  Pylon  
  43  4:34  Probe  
  44  4:39  Probe  
  44  4:41  Observer  
  46  4:46  Probe  
  47  4:53  Stalker x3  
  47  4:56  Probe  
  47  4:58  Probe  
  55  5:00  Assimilator  
  55  5:03  Assimilator  
  55  5:08  Probe  
  55  5:11  Probe  
  57  5:20  Probe  
  58  5:22  Observer  
  58  5:23  Probe, Blink (Chrono Boost)  
  58  5:27  Gateway  
  60  5:28  Gateway  
  60  5:32  Probe  
  61  5:40  Probe  
  62  5:49  Nexus  
  62  5:51  Pylon  
  62  5:52  Protoss Ground Armor Level 1 (Chrono Boost), Pylon  
  62  5:56  Pylon  
  62  5:58  Pylon  
  62  6:06  Gateway  
  62  6:09  Probe x2  
  64  6:15  Zealot x2  
  64  6:17  Sentry  
  70  6:21  Probe  
  70  6:24  Gateway  
  70  6:27  Photon Cannon  
  70  6:37  Templar Archives  
  70  6:39  Observer  
  71  6:47  Zealot, Stalker x2  
  73  6:48  Sentry  
  73  6:49  Sentry  
  81  7:13  Zealot x5  
  81  7:14  Zealot  
  93  7:33  Stalker x2  
  93  7:34  High Templar  
  93  7:35  High Templar x2  
  93  7:36  Zealot  
  83  8:01  Stalker x3  
  89  8:07  Stalker x2  
  89  8:08  High Templar  
  95  8:14  Archon  
  95  8:17  Probe  
  95  8:18  Probe, Archon  
  95  8:19  Probe  
  98  8:20  Psionic Storm  
  98  8:22  Photon Cannon  
  98  8:23  Photon Cannon  
  98  8:26  Photon Cannon  
  98  8:28  Photon Cannon  
  98  8:30  Probe x2  
  98  8:31  Probe, Pylon  
  101  8:38  Protoss Ground Weapons Level 2 (Chrono Boost)  
  101  8:42  Probe x2  
  101  8:43  Probe  
  104  8:49  Zealot x2  
  104  8:54  Probe x2  
  110  8:57  Warp Prism  
  108  9:13  Zealot x6  
  88  9:24  Probe  
  88  9:25  Probe x2  
  88  9:27  Assimilator  
  88  9:30  Gateway  
  91  9:31  Assimilator  
  91  9:34  Forge  
  91  9:37  Probe x3  
  91  9:38  High Templar x4  
  98  9:42  Archon x2  
  102  9:47  Stalker x2  
  102  9:48  Stalker  
  102  9:51  Probe x2  
  102  9:52  Probe  
  109  10:03  Probe x2  
  111  10:14  Robotics Bay  
  111  10:15  Robotics Facility  
  111  10:17  Probe  
  111  10:18  Probe  
  112  10:45  High Templar  
  112  10:46  High Templar  
  115  10:59  Pylon  
  115  11:00  Pylon  
  115  11:03  Pylon  
  115  11:07  Pylon  
  115  11:09  Pylon  
  115  11:11  Pylon  
  115  11:17  High Templar x2  
  115  11:18  High Templar x2  
  121  11:19  High Templar  
  121  11:20  Zealot x4  
  121  11:22  Nexus  
  121  11:23  Archon  
  121  11:24  Pylon, Archon x2  
  133  11:27  Pylon  
  133  11:29  Pylon  
  133  11:30  Protoss Ground Weapons Level 3 (Chrono Boost)  
  133  11:47  Colossus  
  135  12:13  Zealot x4, Pylon  
  135  12:14  Stalker  
  135  12:15  Stalker  
  138  12:42  Zealot  
  138  12:43  Zealot x5  
  138  12:44  Zealot x3  
  145  12:46  Colossus  
  145  13:06  Pylon  
  145  13:12  Stalker x2  
  147  13:13  Stalker x4  
  157  13:20  Probe x2  
  157  13:22  Photon Cannon  
  153  13:42  Stalker x3  
  153  13:43  Stalker x3  
  165  13:56  Pylon  
  165  13:58  Pylon  
  165  14:01  Pylon  
  148  14:10  Stalker x4  
  142  14:33  Stalker x2  
  142  14:35  Observer (Chrono Boost)  
  132  14:44  Observer  
Tags
 
Add a new tag
Caveats
  • Supply blocks, unpowered buildings, or Contaminate may cause inaccurate times.
  • Supply counts are checked every 10 seconds.